 Dungeon Crawl Stone Soup version 0.29.1-15-g9cfb28693d (webtiles) character file.

Game seed: 5995466816634720603

30535 Berahthraban the Fighter (level 13, -3/99 HPs)
             Began as a Djinni Hedge Wizard on Apr 9, 2023.
             Was a High Priest of Makhleb.
             Slain by a six-headed hydra (12 damage)
             ... on level 2 of the Lair of Beasts on Apr 10, 2023.
             The game lasted 03:15:51 (16688 turns).

Berahthraban the Fighter (Djinni Hedge Wizard)     Turns: 16688, Time: 03:15:52

Health: -3/99      AC: 10    Str:  9    XL:     13   Next: 89%
Gold:   1532       EV: 19    Int: 20    God:    Makhleb [*****.] SH: 10 Dex: 14

rFire   + + .      SeeInvis .   A - staff of cold
rCold   . . .      Faith    .   I - +0 buckler
rNeg    . . .      Spirit   .   b - +0 acid dragon scales
rPois   ∞          Reflect  +   O - +0 helmet
rElec   .          Harm     .   K - +0 cloak
rCorr   +          Rampage  .   (no gloves)
Will    +....                   (boots unavailable)
Stlth   +.........              p - amulet of reflection
HPRegen 0.26/turn               Q - +4 ring of evasion
MPRegen 0.00/turn               (no ring)

@: flying
A: sickness immunity, fire resistance 2, cold vulnerability 1, float, innate
caster, HP casting, extra vitality 1
a: Renounce Religion, Minor Destruction, Lesser Servant of Makhleb, Major
Destruction, Greater Servant of Makhleb


You were on level 2 of the Lair of Beasts.
You worshipped Makhleb.
Makhleb was extremely pleased with you.
You visited 3 branches of the dungeon, and saw 16 of its levels.
You also visited: Bailey.

You collected 1532 gold pieces.

Inventory:

Hand Weapons
 L - a +3 war axe of freezing
 N - a +4 scimitar of flaming
 P - the +7 Throatcutter {drain, coup de grace}
   (You found it on level 9 of the Dungeon)

   A truly terrible weapon, it drains the life of any living foe it strikes.
   It may instantly kill foes which have little health.
Missiles
 q - 35 poisoned darts (quivered)
 u - 14 boomerangs
 v - 2 throwing nets
 C - 3 boomerangs of dispersal
 E - 8 javelins
 G - 4 curare-tipped darts
Armour
 b - +0 acid dragon scales (worn)
 g - a +1 robe of resistance
 h - a +0 troll leather armour
 y - a +2 leather armour of willpower
 I - a +0 buckler (worn)
 K - a +0 cloak (worn)
 O - a +0 helmet (worn)
Magical Staves
 A - a staff of cold (weapon)
Jewellery
 p - an amulet of reflection (around neck)
 Q - a +4 ring of evasion (left hand)
Wands
 c - a wand of light (5)
 B - a wand of mindburst (9)
 H - a wand of charming (25)
 X - a wand of iceblast (3)
 Z - a wand of flame (43)
Scrolls
 d - 2 scrolls of butterflies
 e - 5 scrolls of magic mapping
 j - a scroll of immolation {unknown}
 n - a scroll of poison
 r - 2 scrolls of enchant weapon
 s - a scroll of enchant armour {unknown}
 x - a scroll of silence {unknown}
 z - 3 scrolls of teleportation
 D - 4 scrolls of identify {unknown}
 F - a scroll of torment {unknown}
 J - 2 scrolls of summoning {unknown}
 M - a scroll of amnesia {unknown}
 R - a scroll of blinking
 W - a scroll of acquirement {unknown}
 Y - a scroll of fear
Potions
 a - 2 potions of attraction {unknown}
 f - 2 potions of might
 i - 2 potions of lignification {unknown}
 k - 3 potions of curing {unknown}
 l - 2 potions of cancellation {unknown}
 m - a potion of haste {unknown}
 o - 4 potions of degeneration {unknown}
 t - 6 potions of flight {unknown}
 w - 3 potions of brilliance {unknown}
 S - 2 potions of heal wounds {unknown}
 T - a potion of resistance {unknown}
 U - a potion of magic {unknown}
 V - 3 potions of berserk rage {unknown}


   Skills:
 - Level 11.0 Fighting
 - Level 3.2 Long Blades
 - Level 6.0 Armour
 - Level 10.0 Dodging
 - Level 1.5 Stealth
 - Level 5.0 Shields
 - Level 11.0 Spellcasting
 + Level 7.9 Invocations


You had 4 spell levels left.
You knew the following spells:

 Your Spells              Type           Power      Damage    Failure   Level
a - Manifold Assault      Tloc           53%        N/A       3%          5
b - Blink                 Tloc           100%       N/A       1%          2
c - Borgnjor's Vile Clut  Necr/Erth      26%        N/A       3%          5
f - Conjure Flame         Conj/Fire      53%        6-21      1%          3
i - Call Imp              Summ           53%        N/A       1%          2
m - Mephitic Cloud        Conj/Pois/Air  53%        N/A       1%          3
s - Slow                  Hex            100%       N/A       1%          1
v - Vampiric Draining     Necr           53%        2d9       1%          3
w - Wereblood             Tmut           53%        N/A       1%          2
z - Sandblast             Erth           100%       2d20      1%          1
S - Static Discharge      Conj/Air       53%        3-10/arc  1%          2
Z - Magic Dart            Conj           100%       1d8       1%          1
Your spell library was empty.

Dungeon Overview and Level Annotations

Branches:
Dungeon (11/15)            Temple (0/1) D:4            Lair (4/5) D:11
 Shoals (0/4) Lair:3        Snake (0/4) Lair:3          Orc (1/2) D:10
 Bailey (visited)
  Slime: Lair:4-5

Altars:
Makhleb
Ru
Zin

Shops:
D:7 [

Annotations:
D:1 cleared
D:2 cleared
D:3 cleared
D:4 cleared, exclusion: downstairs
D:5 cleared
D:6 cleared
D:7 cleared
D:8 cleared
D:9 cleared
D:10 cleared
D:11 cleared
Lair:1 3 runed translucent doors, otherwise cleared, mursu's ghost, novice DjHW
Lair:2 !dangerous because of many hydras
Lair:3 cleared
Orc:1 cleared


Innate Abilities, Weirdness & Mutations

You are immune to sickness and miasma.
You are immune to poison.
Your flesh is very heat resistant. (rF++)
You are vulnerable to cold. (rC-)
You float through the air rather than walking.
You learn spells naturally, not from books.
Your magical power is your life essence.
You have superior vitality. (+4 MHP)


Message History

You block the eight-headed hydra's attack.
The eight-headed hydra bites you!
Unknown command.
Casting: Blink (safe; 1% risk of failure)
Confirm with . or Enter, or press ? or * to list all spells.
You blink.
* * * LOW HITPOINT WARNING * * *
Unknown command.
The yak bellows!
You hear a croak.
A yak comes into view.
A yak comes into view.
The yak bellows! x3; You hear a bellow!
A rime drake comes into view.
A yak comes into view.
The six-headed hydra roars!
The elephant trumpets!
Casting: Blink (safe; 1% risk of failure)
Confirm with . or Enter, or press ? or * to list all spells.
You blink.
You block the eight-headed hydra's attack.
The eight-headed hydra bites you!
* * * LOW HITPOINT WARNING * * *
The eight-headed hydra bites you.
* * * LOW HITPOINT WARNING * * *
The eight-headed hydra barely misses you.
You block the eight-headed hydra's attack.
The eight-headed hydra bites you!
* * * LOW HITPOINT WARNING * * *
You block the eight-headed hydra's attack.
The eight-headed hydra barely misses you.
Casting: Blink (safe; 1% risk of failure)
Confirm with . or Enter, or press ? or * to list all spells.
You blink.
* * * LOW HITPOINT WARNING * * *
The six-headed hydra misses you.
You block the six-headed hydra's attack.
The six-headed hydra closely misses you.
The six-headed hydra bites you but does no damage.
You block the six-headed hydra's attack.
The six-headed hydra bites you!
You die...

##.......## ........$
##....♣..$.#.#.........
##......[......#....##.
####....##.###.....##
#.#......#.####......
#...♣.##.###...#.....
...#...#..#.§....#..#
.. #..##.§....D.....#.
##..##...#@........
#..YD..##.>....##
........#####Y.....#
#.#.#Y### #†#...##
....## #....### #..Y.
#F...(# ##.Y.. ....#.##
##...... .F..# ##
#..Y.kY. ......


You could see a six-headed hydra and an elephant.

Vanquished Creatures
  2 hydras
  Erica (D:8)
  3 two-headed ogres
  3 orc knights (Orc:1)
  Pikel (D:8)
  Maurice (D:8)
  2 black mambas (Lair:3)
  10 elephants
  3 cane toads
  2 gargoyles (D:11)
  Maggie (D:8)
  3 kobold demonologists
  A rime drake (Lair:4)
  5 komodo dragons
  3 trolls (Orc:1)
  A polar bear (Lair:3)
  A hornet (D:9)
  Grinder (D:5)
  7 blink frogs (Lair:1)
  A snapping turtle (Lair:3)
  4 spriggans (Bailey)
  2 wraiths (D:11)
  22 yaks
  A vampire (D:9)
  A basilisk (Lair:1)
  Grum (D:8)
  3 wyverns
  A steam dragon (D:8)
  8 water moccasins
  A warg (Orc:1)
  4 acid dragons
  20 orc warriors
  A sky beast (D:6)
  A black bear (D:5)
  2 ice beasts
  7 ogres
  9 wolves
  6 centaurs
  Blork the orc (D:5)
  5 kobold brigands
  8 bullfrogs
  2 gnoll sergeants
  A scorpion (D:7)
  4 wights (D:8)
  7 killer bees
  5 howler monkeys
  2 hounds (D:7)
  A jelly (D:6)
  14 orc priests
  A gnoll bouda (D:6)
  4 iguanas
  13 orc wizards
  17 gnolls
  2 river rats (D:5)
  4 adders
  A shadow imp (D:7)
  2 white imps
  An ufetubus (D:5)
  3 dart slugs
  62 orcs
  8 endoplasms
  A giant cockroach (D:5)
  6 goblins
  6 hobgoblins
  2 jackals
  6 quokkas
  7 ball pythons
  2 bats
  3 frilled lizards
  12 kobolds
  6 rats
365 creatures vanquished.

Vanquished Creatures (collateral kills)
  A black bear (D:5)
  A sky beast (D:3)
  2 ogres (D:4)
  A hound (D:3)
  An iguana (D:4)
  5 gnolls
  2 adders
  2 orcs (D:4)
  A giant cockroach (D:2)
  3 hobgoblins (D:4)
  A jackal (D:5)
  2 quokkas (D:4)
  2 ball pythons
  A bat (D:2)
  A frilled lizard (D:1)
  A goblin (D:1)
  A rat (D:2)
28 creatures vanquished.

Vanquished Creatures (others)
  A bush (Lair:2)
  19 fungi
  35 plants
55 creatures vanquished.

Grand Total: 448 creatures vanquished

Notes
Turn   | Place    | Note
-------+----------+-------------------------------------------
     0 | D:1      | Berahthraban the Djinni Hedge Wizard began the quest for
                  | the Orb.
     0 | D:1      | Berahthraban set off with the following spells memorised:
                  | Magic Dart, Blink, Call Imp, Slow, Conjure Flame, Mephitic
                  | Cloud.
     0 | D:1      | Reached XP level 1. HP: 15/15 MP: 0/0
   173 | D:1      | Reached XP level 2. HP: 10/21 MP: 0/0
   411 | D:1      | Found a faded altar of an unknown god.
   815 | D:1      | Reached XP level 3. HP: 20/25 MP: 0/0
   815 | D:1      | Learned a level 1 spell: Sandblast
  1338 | D:2      | Reached XP level 4. HP: 30/31 MP: 0/0
  1456 | D:2      | You are sucked into a shaft and drop 2 floors!
  1625 | D:3      | Reached XP level 5. HP: 24/35 MP: 0/0
  1625 | D:3      | Learned a level 2 spell: Wereblood
  2226 | D:3      | Noticed a sky beast
  2557 | D:3      | Killed a sky beast
  2558 | D:3      | Reached skill level 5 in Spellcasting
  2558 | D:3      | Reached XP level 6. HP: 30/40 MP: 0/0
  3010 | D:4      | Noticed an ogre
  3025 | D:4      | Killed an ogre
  3026 | D:4      | Reached XP level 7. HP: 41/45 MP: 0/0
  3026 | D:4      | Learned a level 2 spell: Static Discharge
  3053 | D:4      | Found a burning altar of Makhleb.
  3057 | D:4      | Found a glowing silver altar of Zin.
  3058 | D:4      | Noticed a green death
  3058 | D:4      | Noticed an angel
  3081 | D:4      | Reached skill level 1 in Fighting
  3100 | D:4      | Became a worshipper of Makhleb the Destroyer
  3184 | D:4      | Found a staircase to the Ecumenical Temple.
  3394 | D:5      | Entered Level 5 of the Dungeon
  3422 | D:5      | Noticed Grinder
  4228 | D:5      | Noticed Blork the orc
  4280 | D:5      | Reached XP level 8. HP: 48/55 MP: 0/0
  4485 | D:5      | Reached * piety under Makhleb
  5468 | D:6      | Reached skill level 5 in Dodging
  5915 | D:6      | Reached skill level 5 in Fighting
  5918 | D:6      | Reached XP level 9. HP: 49/65 MP: 0/0
  5918 | D:6      | Learned a level 3 spell: Vampiric Draining
  6818 | D:7      | Reached ** piety under Makhleb
  7082 | D:7      | Found Gapt's Armour Boutique.
  7196 | D:7      | Reached skill level 1 in Shields
  7354 | D:8      | Noticed Pikel
  7371 | D:8      | Noticed Maggie
  7371 | D:8      | Noticed Maurice
  7477 | D:8      | Killed Maurice
  7543 | D:8      | Reached XP level 10. HP: 37/73 MP: 0/0
  7829 | D:8      | Killed Pikel
  7830 | D:8      | Reached skill level 5 in Shields
  7837 | D:8      | Noticed Erica
  7923 | D:8      | Killed Erica
  8021 | D:8      | Noticed Grum
  8033 | D:8      | Killed Grum
  8039 | D:8      | Killed Maggie
  8266 | D:8      | Reached XP level 11. HP: 81/81 MP: 0/0
  8266 | D:8      | Learned a level 5 spell: Borgnjor's Vile Clutch
  8570 | D:5      | Killed Grinder
  8669 | D:5      | Killed Blork the orc
  9149 | D:9      | Reached skill level 1 in Armour
  9154 | D:9      | Reached *** piety under Makhleb
  9368 | D:9      | Reached skill level 10 in Dodging
  9406 | D:9      | Found the +7 Throatcutter {drain, coup de grace}
  9522 | D:9      | Found a flagged portal.
  9531 | Bailey   | Entered a bailey
  9619 | Bailey   | Reached skill level 1 in Invocations
  9631 | Bailey   | Reached skill level 1 in Long Blades
  9674 | Bailey   | Noticed a two-headed ogre
  9681 | Bailey   | Killed a two-headed ogre
 10232 | D:10     | Entered Level 10 of the Dungeon
 10582 | D:10     | Reached skill level 5 in Armour
 10618 | D:10     | Found a staircase to the Orcish Mines.
 10651 | D:10     | Reached **** piety under Makhleb
 10652 | D:10     | Reached XP level 12. HP: 76/86 MP: 0/0
 11228 | Orc:1    | Entered Level 1 of the Orcish Mines
 11244 | Orc:1    | Reached skill level 5 in Invocations
 11476 | Orc:1    | Noticed a two-headed ogre
 11487 | Orc:1    | Killed a two-headed ogre
 11825 | Orc:1    | Reached ***** piety under Makhleb
 11925 | Orc:1    | Found a runed translucent door.
 13169 | D:11     | Found a staircase to the Lair.
 13260 | D:11     | Noticed a two-headed ogre
 13281 | D:11     | Killed a two-headed ogre
 13720 | D:11     | Found a sacrificial altar of Ru.
 13825 | Lair:1   | Entered Level 1 of the Lair of Beasts
 13844 | Lair:1   | Noticed mursu's ghost (novice DjHW)
 13850 | Lair:1   | Reached XP level 13. HP: 80/94 MP: 0/0
 13850 | Lair:1   | Learned a level 5 spell: Manifold Assault
 13863 | Lair:1   | Found a runed translucent gate.
 13863 | Lair:1   | Found a runed translucent gate.
 13863 | Lair:1   | Found a runed translucent gate.
 14164 | Lair:1   | Found a glowing silver altar of Zin.
 14505 | Lair:1   | Reached skill level 10 in Fighting
 14757 | Lair:2   | You are sucked into a shaft and drop 2 floors!
 14830 | Lair:4   | Reached skill level 10 in Spellcasting
 15338 | Lair:3   | Found a staircase to the Snake Pit.
 15436 | Lair:3   | Noticed a five-headed hydra
 15452 | Lair:3   | Killed a five-headed hydra
 15661 | Lair:2   | Noticed a five-headed hydra
 15666 | Lair:2   | Noticed a seven-headed hydra
 15687 | Lair:2   | Killed a seven-headed hydra
 15713 | Lair:2   | Noticed a six-headed hydra
 15799 | Lair:2   | Noticed an eight-headed hydra
 16365 | Lair:3   | Found a staircase to the Shoals.
 16558 | Lair:2   | Noticed a catoblepas
 16578 | Lair:2   | Noticed a catoblepas
 16688 | Lair:2   | Slain by a six-headed hydra

Illustrated notes

Levels and vault maps discovered:
D:1:      roderic_crop_circles_arrival_large, layout_loops_cross,
          chequers_ecumenical_altar_island, minmay_statues_item,
          kennysheep_minor_cross, minivault_23
D:2:      layout_loops_cross, nicolae_kite_square_tiling_tiny
D:3:      layout_loops_ring
D:4:      layout_loops_ring, grunt_temple_overflow_order_and_chaos_2,
          temple_doors_cd
D:5:      layout_cave_pods, gup_sewer_entry_bubbles, serial_column_ruins,
          column_ruins_columns_straight, column_ruins_grid_1,
          column_ruins_corridor_straight, uniq_blork_the_orc, uniq_grinder
D:6:      layout_basic, serial_bayou_crossing
D:7:      layout_loops_ring, serial_rivers, chequers_serial_rivers_micro_c,
          chequers_serial_rivers_micro_c, chequers_serial_rivers_micro_b,
          chequers_serial_rivers_room_b, serial_shops, shop
D:8:      layout_rooms, uniq_erica, uniq_maurice, uniq_maggie, uniq_grum,
          uniq_pikel
D:9:      layout_big_octagon, nicolae_overflow_hidden_temple, enter_bailey_8,
          dilly_guarded_unrand_throatcut
D:10:     layout_loops_ring, orc_0_dummy
D:11:     layout_roguey, david_lair_shrubbed, minivault_19,
          nicolae_ru_awakened_eye
Lair:1:   layout_cave_pods, gammafunk_ghost_split, basic_altar
Lair:2:   layout_misc_corridors, cheibrodos_lair_caveside_slide,
          kennysheep_rathole, grunt_megastairs_4, uniq_amaemon
Lair:3:   layout_regular_city, minmay_shoals_entry_hut, dummy_snake_entry,
          grunt_megastairs_3
Lair:4:   statuecave_lemuel, layout_layer_cave,
          minmay_slime_entry_oklob_enclosed
Orc:1:    minmay_goldmine, layout_caves, lightli_church_of_beogh

Skill      XL: |  1  2  3  4  5  6  7  8  9 10 11 12 13 |
---------------+----------------------------------------+-----
Spellcasting   | 3 4 5 6 7 8 9 11 | 11.0
Fighting       | 2 5 6 8 9 11 | 11.0
Dodging        | 3 6 8 9 10 | 10.0
Shields        | 3 5 |  5.0
Armour         | 5 6 |  6.0
Invocations    | 3 7 |  7.9
Long Blades    | 2 3 |  3.2
Stealth        | |  1.5

Action                   |  1- 3 |  4- 6 |  7- 9 | 10-12 | 13-15 || total
-------------------------+-------+-------+-------+-------+-------++-------
Melee: Dagger            |     8 |       |       |       |       ||     8
       Flail             |     6 |       |       |       |       ||     6
       Falchion          |     4 |     5 |    13 |       |       ||    22
       Spear             |       |    24 |    22 |     3 |       ||    49
       Trident           |       |       |       |     1 |       ||     1
       Long sword        |       |       |       |     1 |     1 ||     2
Throw: Stone             |    11 |       |       |       |       ||    11
       Dart              |       |       |    11 |    10 |     3 ||    24
       Boomerang         |       |       |     3 |     2 |       ||     5
 Cast: Magic Dart        |    24 |     1 |    13 |     6 |       ||    44
       Call Imp          |     4 |    21 |    17 |     5 |       ||    47
       Sandblast         |    14 |    28 |   119 |   198 |    54 ||   413
       Slow              |       |     2 |    26 |    44 |    26 ||    98
       Conjure Flame     |       |       |     7 |     3 |     4 ||    14
       Static Discharge  |       |       |     5 |    41 |    26 ||    72
       Mephitic Cloud    |       |       |     4 |    42 |    17 ||    63
       Vampiric Draining |       |       |    11 |   183 |    94 ||   288
       Borgnjor's Vile C |       |       |       |     5 |     2 ||     7
       Blink             |       |       |       |       |     5 ||     5
Invok: Lesser Servant of |       |       |       |       |     1 ||     1
  Use: Scroll            |       |       |       |    11 |     4 ||    15
 Stab: Sleeping          |     1 |     1 |       |       |       ||     2
Armor: Robe              |     3 |     4 |    17 |     5 |       ||    29
       Leather armour    |     2 |       |       |       |       ||     2
       Acid dragon scale |       |       |       |    19 |    34 ||    53
Dodge: Dodged            |    12 |    16 |    93 |   112 |   104 ||   337
Block: Other             |       |     4 |    29 |       |       ||    33
       Buckler           |       |       |     5 |    97 |    70 ||   172
       Reflection        |       |       |     2 |     8 |       ||    10
